 Dungeon Crawl Stone Soup version 0.21.1-1-g345015f (webtiles) character file.

85 tyranidshit the Skirmisher (level 4, 0/38 HPs)
             Began as a Demonspawn Abyssal Knight on July 26, 2018.
             Was a Believer of Lugonu.
             Slain by a giant cockroach (1 damage)
             ... on level 3 of the Dungeon.
             The game lasted 00:06:24 (2205 turns).

tyranidshit the Skirmisher (DsAK)                   Turns: 2205, Time: 00:06:26

Health: 0/38       AC: 10    Str: 14 (16) XL:     4   Next: 25%
Magic:  1/1        EV:  4    Int: 12      God:    Lugonu [**....]
Gold:   111        SH:  0    Dex: 11 (12) Spells: 3/3 levels left

rFire    . . .     SeeInvis .   h - +8 mace "Ongaxtu" {antimagic, +Inv MR+ Int-2}
rCold    + . .     Gourm    .   (no shield)
rNeg     . . .     Faith    .   m - +0 plate armour
rPois    .         Spirit   .   (helmet restricted)
rElec    .         Reflect  .   (no cloak)
rCorr    .         Harm     .   (no gloves)
MR       +....                  (no boots)
Stlth    ..........             (no amulet)
HPRegen  0.12/turn              d - ring of protection from cold
MPRegen  0.07/turn              i - +3 ring of strength

@: no status effects
A: horns 1
a: Depart the Abyss, Bend Space, Renounce Religion, Evoke Invisibility


You were on level 3 of the Dungeon.
You worshipped Lugonu.
Lugonu was pleased with you.
You were not hungry.

You visited 1 branch of the dungeon, and saw 4 of its levels.
You visited the Abyss 1 time.

You collected 111 gold pieces.

Inventory:

Hand Weapons
 a - a +2 hand axe
 h - the +8 mace "Ongaxtu" (weapon) {antimagic, +Inv MR+ Int-2}
   (You found it on level 2 of the Abyss)

   It reduces the magical energy of the wielder, and disrupts the spells and
   magical abilities of those hit.
   Natural abilities and divine invocations are not affected.
   It affects your intelligence (-2).
   It affects your resistance to hostile enchantments.
   It lets you turn invisible.
Armour
 b - a +0 leather armour
 f - a +0 chain mail
 m - a +0 plate armour (worn)
 p - a cursed +0 chain mail
Jewellery
 d - a ring of protection from cold (left hand)
 i - a +3 ring of strength (right hand)
 o - an uncursed ring of flight
Wands
 j - a wand of flame (38)
Scrolls
 g - 3 scrolls of amnesia
 k - 3 scrolls of identify
 l - a scroll of teleportation
 n - a scroll of remove curse
Potions
 e - a potion of invisibility
Comestibles
 c - 4 rations


   Skills:
 + Level 4.6 Fighting
 - Level 1.7 Axes
 - Level 1.7 Armour
 - Level 2.0 Dodging
 - Level 2.4 Invocations


You had 3 spell levels left.
You didn't know any spells.

Dungeon Overview and Level Annotations

Branches:
Dungeon (4/15)
 Temple: D:4-7

Altars:
Trog

Annotations:
D:3 1 transporter


Innate Abilities, Weirdness & Mutations

You have a pair of small horns on your head.


Message History

The orc hits you but does no damage. x2; The hound bites you.
* * * LOW HITPOINT WARNING * * *
The orc hits you but does no damage.
The giant cockroach bites you but does no damage.
The orc completely misses you. The orc hits you but does no damage.
Unknown command.
You hit the orc. Your headbutt misses the orc.
The orc is severely wounded.
The hound bites you but does no damage. The orc barely misses you.
The giant cockroach closely misses you. The orc hits you with a hand axe.
* * * LOW HITPOINT WARNING * * *
The hound bites you but does no damage.
The orc hits you with an enchanted falchion.
* * * LOW HITPOINT WARNING * * *
The orc hits you with a whip.
* * * LOW HITPOINT WARNING * * *
The orc hits you.
* * * LOW HITPOINT WARNING * * *
The giant cockroach bites you.
You die...

#...........###.# #(..........#
#.# ##### ###.....!.....###.#
#.... #.....####........###
#.### #...................#
###.### #..............[....#
#......
#...................###......
##........###o......##.......
#.........o@h......##.......
#.........oos.##.#....####..
###..........o..##...........รท
#.........(.(.(<####......((.#
#.....(....#....# #.........#
#..........#<...# ###.......#
############....# #########
#....# ######


You could see a hound, 5 orcs and a giant cockroach.

Vanquished Creatures
  Robin (D:3)
  An ooze (D:1)
  A worm (D:2)
  2 dart slugs (D:1)
  5 giant cockroaches
  12 goblins
  6 hobgoblins
  3 ball pythons
  9 bats
  6 frilled lizards
  11 kobolds
  4 rats
61 creatures vanquished.

Notes
Turn   | Place    | Note
-------+----------+-------------------------------------------
     0 | Abyss:1  | tyranidshit the Demonspawn Abyssal Knight began the quest for the Orb.
     0 | Abyss:1  | Reached XP level 1. HP: 18/18 MP: 2/2
     8 | Abyss:2  | Found a corrupted altar of Lugonu.
    40 | Abyss:2  | Noticed a large abomination
    52 | Abyss:2  | Noticed a large abomination
    59 | Abyss:2  | Got a bloodstained mace
    62 | D:1      | Escaped the Abyss
    63 | D:1      | Identified the +8 mace "Ongaxtu" {antimagic, +Inv MR+ Int-2} (You found it on level 2 of the Abyss)
   272 | D:1      | Reached * piety under Lugonu
   272 | D:1      | Gained mutation: You have a pair of small horns on your head. [demonic ancestry]
   272 | D:1      | Reached XP level 2. HP: 23/24 MP: 1/3
   276 | D:1      | Reached skill level 1 in Dodging
   724 | D:1      | Reached XP level 3. HP: 29/30 MP: 1/4
   989 | D:2      | Reached skill level 4 in Fighting
  1435 | D:2      | Found a bloodstained altar of Trog.
  1455 | D:2      | Reached ** piety under Lugonu
  1870 | D:3      | Found a transporter.
  2045 | D:3      | Found a transporter.
  2059 | D:3      | Reached XP level 4. HP: 38/38 MP: 1/5
  2061 | D:3      | Noticed Robin
  2066 | D:3      | Killed Robin
  2205 | D:3      | HP: 1/38 [orc (1)]
  2205 | D:3      | Slain by a giant cockroach

Skill      XL: |  1  2  3 |
---------------+----------+-----
Dodging        | 1 2 |  2.0
Fighting       | 4 |  4.6
Axes           | |  1.7
Armour         | |  1.7
Invocations    | |  2.4

Action                   |  1- 3 |  4- 6 || total
-------------------------+-------+-------++-------
Melee: Mace              |    86 |    18 ||   104
       Headbutt          |     8 |     3 ||    11
Invok: Depart the Abyss  |     1 |       ||     1
  Use: Scroll            |     5 |     3 ||     8
       Potion            |     7 |     1 ||     8
  Eat: Ration            |     1 |     1 ||     2
Armor: Chain mail        |    58 |       ||    58
       Plate armour      |    24 |    36 ||    60
Dodge: Dodged            |    37 |    14 ||    51
